MID
LEXINGTON LEGENDS @ CEDAR RAPIDS KERNELS
05/17/2048
 
TOP OF THE 1ST
Lexington Legends batting - Pitching for Cedar Rapids Kernels : LHP Jon Lizarraga
Pitching: LHP Jon Lizarraga
Batting: LHB Edgar Ortiz 0-0: DOUBLE (Groundball, 3L, EV 97.5 MPH) - OUT at third base trying to stretch hit.
Batting: RHB Nate De Jongh 0-0: Swinging Strike
0-1: Foul Ball, location: 2F
0-2: Ball
1-2: Strikes out swinging
Batting: RHB Nick Julien 0-0: Foul Ball, location: 2F
0-1: Foul Ball, location: 2F
0-2: Ball
1-2: Ball
2-2: Foul Ball, location: 2F
2-2: Ball
3-2: Reached on error, E5 (Groundball, 56S, EV 90.6 MPH)
Batting: LHB Pablo Serrato 0-0: SINGLE (Flyball, 3D, EV 95.6 MPH)
Nick Julien to second
Runner from 2nd tries for 3rd, SAFE, no throw by RF
Batting: RHB Jesus Malave 0-0: Ball
1-0: Ball
2-0: Ball
3-0: Called Strike
3-1: Called Strike
3-2: Strikes out swinging
Top of the 1st over - 0 runs, 2 hits, 1 error, 2 left on base; Lexington 0 - Cedar Rapids 0
BOTTOM OF THE 1ST
Cedar Rapids Kernels batting - Pitching for Lexington Legends : LHP Butch Ott
Pitching: LHP Butch Ott
Batting: LHB Brian Wagner 0-0: Ball
1-0: Foul Ball, location: 2F
1-1: Swinging Strike
1-2: Ball
2-2: Ball
3-2: SOLO HOME RUN (Flyball, 89XD, EV 104.4 MPH), Distance : 401 ft
Batting: RHB Steve Raine 0-0: Ball
1-0: DOUBLE (Flyball, 8RXD, EV 92.5 MPH)
Batting: RHB Kevin Harris 0-0: Called Strike
0-1: Called Strike
0-2: Fly out, F8 (Line Drive, 8RD, EV 92.5 MPH)
Batting: LHB Shaun Price 0-0: Ball
1-0: Ball
2-0: Called Strike
2-1: Ball
3-1: Base on Balls
Batting: LHB Kuemon Shishido 0-0: SINGLE (Groundball, 6D, EV 95.6 MPH)
Steve Raine to third
Shaun Price to second
Runner from 3rd tries for Home, SAFE, throw by CF to home
Batting: RHB Nate Matson 0-0: Called Strike
0-1: Ground out 5-3 (Groundball, 56S, EV 62.5 MPH)
Shaun Price to third
Kuemon Shishido to second
Batting: RHB Dave Berry 0-0: Called Strike
0-1: Swinging Strike
0-2: Foul Ball, location: 2F
0-2: Strikes out swinging
Bottom of the 1st over - 2 runs, 3 hits, 0 errors, 2 left on base; Lexington 0 - Cedar Rapids 2
TOP OF THE 2ND
Lexington Legends batting - Pitching for Cedar Rapids Kernels : LHP Jon Lizarraga
Batting: RHB Justin Goff 0-0: Called Strike
0-1: Ball
1-1: Ball
2-1: Ball
3-1: Foul Ball, location: 2F
3-2: Foul Ball, location: 2F
3-2: SOLO HOME RUN (Flyball, 7D, EV 93.8 MPH), Distance : 362 ft
Batting: LHB Danny Pacheco 0-0: Swinging Strike
0-1: Called Strike
0-2: Ball
1-2: SINGLE (Groundball, 4MS, EV 63.1 MPH) (infield hit)
Batting: RHB Vance Coen 0-0: Foul Ball, location: 2F
0-1: Foul Ball, location: 2F
0-2: Ball
1-2: Foul Ball, location: 2RF, Error on foul ball, E2
1-2: Fielders Choice at 2nd, 2-4 (Groundball, 15S, EV 72.5 MPH)
Batting: RHB Vic Nelson 0-0: Ball
1-0: Ball
Passed Ball!
Vance Coen to second
2-0: Foul Ball, location: 2F
2-1: Foul Ball, location: 2F
2-2: Ball
3-2: Ground out 6-3 (Groundball, 6, EV 88.1 MPH)
Batting: LHB Edgar Ortiz 0-0: Fly out, F5 (Popup, 5F, EV 60.0 MPH)
Top of the 2nd over - 1 run, 2 hits, 1 error, 1 left on base; Lexington 1 - Cedar Rapids 2
BOTTOM OF THE 2ND
Cedar Rapids Kernels batting - Pitching for Lexington Legends : LHP Butch Ott
Batting: LHB Hector Olvera 0-0: Ball
1-0: Called Strike
1-1: Ball
2-1: Foul Ball, location: 2F
2-2: Ball
3-2: Ground out 4-3 (Groundball, 34, EV 85.6 MPH)
Batting: RHB Chris Bejarano 0-0: Called Strike
0-1: Ball
1-1: Ball
2-1: Foul Ball, location: 2F
2-2: Fly out, F8 (Flyball, 8RD, EV 73.1 MPH)
Batting: LHB Brian Wagner 0-0: Called Strike
0-1: Called Strike
0-2: Foul Ball, location: 2F
0-2: Ball
1-2: Ball
2-2: Strikes out swinging
Bottom of the 2nd over - 0 runs, 0 hits, 0 errors, 0 left on base; Lexington 1 - Cedar Rapids 2
TOP OF THE 3RD
Lexington Legends batting - Pitching for Cedar Rapids Kernels : LHP Jon Lizarraga
Batting: RHB Nate De Jongh 0-0: Called Strike
0-1: Ball
1-1: DOUBLE (Flyball, 78XD, EV 101.9 MPH)
Batting: RHB Nick Julien 0-0: Ball
1-0: Called Strike
1-1: Called Strike
1-2: Ball
2-2: Ball
3-2: Strikes out looking
Batting: LHB Pablo Serrato 0-0: Ball
1-0: Called Strike
1-1: Swinging Strike
1-2: Hit by Pitch
Batting: RHB Jesus Malave 0-0: Called Strike
0-1: Called Strike
0-2: TRIPLE (Line Drive, 89XD, EV 103.8 MPH)
Nate De Jongh scores
Pablo Serrato scores
Batting: RHB Justin Goff 0-0: Ball
1-0: Called Strike
1-1: Ball
2-1: Foul Ball, location: 2F
2-2: Ball
3-2: Base on Balls
Batting: LHB Danny Pacheco 0-0: Ball
1-0: Fly out, F7 (Flyball, 78M, EV 91.2 MPH)
Batting: RHB Vance Coen 0-0: Foul Ball, location: 2F
0-1: Called Strike
0-2: Ball
1-2: Fly out, F7 (Flyball, 7S, EV 87.5 MPH)
Top of the 3rd over - 2 runs, 2 hits, 0 errors, 2 left on base; Lexington 3 - Cedar Rapids 2
BOTTOM OF THE 3RD
Cedar Rapids Kernels batting - Pitching for Lexington Legends : LHP Butch Ott
Batting: RHB Steve Raine 0-0: Foul Ball, location: 2F
0-1: Swinging Strike
0-2: Ball
1-2: Fly out, F7 (Line Drive, 78M, EV 103.1 MPH)
Batting: RHB Kevin Harris 0-0: Reached on error, E5 (Groundball, 5, EV 101.2 MPH)
Batting: LHB Shaun Price 0-0: Called Strike
0-1: Ball
1-1: Ball
2-1: Called Strike
2-2: Foul Ball, location: 2F
2-2: Ball
3-2: DOUBLE (Flyball, 8LXD, EV 99.4 MPH)
Kevin Harris to third
Batting: LHB Kuemon Shishido 0-0: Called Strike
0-1: Ball
1-1: Ball
2-1: SINGLE (Groundball, 4MD, EV 100.6 MPH)
Kevin Harris scores
Shaun Price to third
Runner from 3rd tries for Home, throw by CF and OUT! 8-2
Batting: RHB Nate Matson 0-0: SINGLE (Groundball, 6MD, EV 98.8 MPH)
Kuemon Shishido to second
Batting: RHB Dave Berry 0-0: Ball
1-0: Foul Ball, location: 2F
1-1: Foul Ball, location: 2F
1-2: Ball
2-2: Ground out 5-3 (Groundball, 56S, EV 76.2 MPH)
Bottom of the 3rd over - 1 run, 3 hits, 1 error, 2 left on base; Lexington 3 - Cedar Rapids 3
TOP OF THE 4TH
Lexington Legends batting - Pitching for Cedar Rapids Kernels : LHP Jon Lizarraga
Batting: RHB Vic Nelson 0-0: Swinging Strike
0-1: Ball
1-1: Ground out 4-3 (Groundball, 4, EV 88.8 MPH)
Batting: LHB Edgar Ortiz 0-0: Ball
1-0: Foul Ball, location: 2F
1-1: Ball
2-1: Ground out 5-3 (Groundball, 56, EV 85.6 MPH)
Batting: RHB Nate De Jongh 0-0: Foul Ball, location: 2F
0-1: Ball
1-1: Swinging Strike
1-2: Foul Ball, location: 2F
1-2: Ball
2-2: Ball
3-2: SINGLE (Groundball, 34D, EV 99.4 MPH)
Batting: RHB Nick Julien 0-0: Ball
Nate De Jongh steals 2nd base
1-0: Ball
2-0: Ground out 6-3 (Groundball, 56, EV 99.4 MPH)
Top of the 4th over - 0 runs, 1 hit, 0 errors, 1 left on base; Lexington 3 - Cedar Rapids 3
BOTTOM OF THE 4TH
Cedar Rapids Kernels batting - Pitching for Lexington Legends : LHP Butch Ott
Pitching: RHP Kolenka Leschenya
Batting: LHB Hector Olvera 0-0: Called Strike
0-1: DOUBLE (Groundball, 3L, EV 106.2 MPH)
Batting: RHB Chris Bejarano 0-0: Foul Ball, location: 2F
0-1: Ball
1-1: Swinging Strike
1-2: Strikes out swinging
Batting: LHB Brian Wagner 0-0: Ball
1-0: Ball
2-0: Ball
3-0: Called Strike
3-1: Base on Balls
Batting: RHB Steve Raine 0-0: Called Strike
0-1: Ball
1-1: Ball
2-1: Foul Ball, location: 2F
2-2: Foul Ball, location: 2F
2-2: Ball
3-2: Base on Balls
Hector Olvera to third
Brian Wagner to second
Batting: RHB Kevin Harris 0-0: Ball
1-0: Called Strike
1-1: Ball
2-1: Called Strike
2-2: Fly out, F3 (Line Drive, 3L, EV 68.8 MPH)
Batting: LHB Shaun Price 0-0: Called Strike
0-1: Ball
1-1: Ball
2-1: Ball
3-1: Called Strike
3-2: Foul Ball, location: 2F
3-2: Foul Ball, location: 2F
3-2: Strikes out looking
Bottom of the 4th over - 0 runs, 1 hit, 0 errors, 3 left on base; Lexington 3 - Cedar Rapids 3
TOP OF THE 5TH
Lexington Legends batting - Pitching for Cedar Rapids Kernels : LHP Jon Lizarraga
Pitching: RHP Dan Post
Batting: LHB Pablo Serrato 0-0: Called Strike
0-1: Called Strike
0-2: Strikes out swinging
Batting: RHB Jesus Malave 0-0: Called Strike
0-1: DOUBLE (Flyball, 78D, EV 98.1 MPH)
Batting: RHB Justin Goff 0-0: Called Strike
0-1: Ball
1-1: Ground out 1-3 (Groundball, 13, EV 60.0 MPH)
Jesus Malave to third
Batting: LHB Danny Pacheco 0-0: Swinging Strike
0-1: Ground out 6-3 (Groundball, 6M, EV 101.2 MPH)
Top of the 5th over - 0 runs, 1 hit, 0 errors, 1 left on base; Lexington 3 - Cedar Rapids 3
BOTTOM OF THE 5TH
Cedar Rapids Kernels batting - Pitching for Lexington Legends : RHP Kolenka Leschenya
Batting: LHB Kuemon Shishido 0-0: Swinging Strike
0-1: Ball
1-1: Swinging Strike
1-2: Foul Ball, location: 2F
1-2: Strikes out swinging
Batting: RHB Nate Matson 0-0: Called Strike
0-1: Foul Ball, location: 2F
0-2: Ball
1-2: Ball
2-2: Fly out, F3 (Popup, 23F, EV 93.1 MPH)
Pitching: RHP Nam Phong
Batting: RHB Dave Berry 0-0: Called Strike
0-1: Ball
1-1: Foul Ball, location: 2F
1-2: Ball
2-2: Strikes out looking
Bottom of the 5th over - 0 runs, 0 hits, 0 errors, 0 left on base; Lexington 3 - Cedar Rapids 3
TOP OF THE 6TH
Lexington Legends batting - Pitching for Cedar Rapids Kernels : RHP Dan Post
Batting: RHB Vance Coen 0-0: Foul Ball, location: 2F
0-1: Ball
1-1: Swinging Strike
1-2: Strikes out swinging
Batting: RHB Vic Nelson 0-0: Called Strike
0-1: Called Strike
0-2: Ball
1-2: Strikes out swinging
Batting: LHB Edgar Ortiz 0-0: Ball
1-0: Ball
2-0: Called Strike
2-1: Foul Ball, location: 2F
2-2: Ball
3-2: Foul Ball, location: 2F
3-2: Foul Ball, location: 2F
3-2: DOUBLE (Line Drive, 3D, EV 95.0 MPH)
Batting: RHB Nate De Jongh 0-0: Fly out, F7 (Flyball, 78M, EV 93.1 MPH)
Top of the 6th over - 0 runs, 1 hit, 0 errors, 1 left on base; Lexington 3 - Cedar Rapids 3
BOTTOM OF THE 6TH
Cedar Rapids Kernels batting - Pitching for Lexington Legends : RHP Nam Phong
Batting: LHB Hector Olvera 0-0: Ball
1-0: Called Strike
1-1: Called Strike
1-2: Ball
2-2: Strikes out swinging
Batting: RHB Chris Bejarano 0-0: Foul Ball, location: 2F
0-1: Ball
1-1: Ball
2-1: Foul Ball, location: 2F
2-2: Ball
3-2: Foul Ball, location: 2F
3-2: Foul Ball, location: 2F
3-2: Foul Ball, location: 2F
3-2: Base on Balls
Batting: LHB Brian Wagner 0-0: Called Strike
0-1: Fielders Choice at 2nd, 1-6 (Groundball, 13S, EV 68.1 MPH)
Batting: RHB Steve Raine 0-0: Ball
1-0: Fielders Choice at 2nd, 6-4 (Groundball, 6, EV 101.9 MPH)
Bottom of the 6th over - 0 runs, 0 hits, 0 errors, 1 left on base; Lexington 3 - Cedar Rapids 3
TOP OF THE 7TH
Lexington Legends batting - Pitching for Cedar Rapids Kernels : RHP Dan Post
Pitching: RHP Steven Legge
Batting: RHB Nick Julien 0-0: Ball
1-0: Foul Ball, location: 2F
1-1: Ground out 5-3 (Groundball, 56, EV 103.8 MPH)
Batting: LHB Pablo Serrato 0-0: Called Strike
0-1: Ball
1-1: Ball
2-1: Ball
3-1: SINGLE (Line Drive, 7S, EV 106.2 MPH)
Batting: RHB Jesus Malave 0-0: Called Strike
0-1: Called Strike
0-2: SINGLE (Groundball, 5D, EV 97.5 MPH)
Pablo Serrato to second
Pinch Runner at 2nd Jon Shonka:
Batting: RHB Justin Goff 0-0: Foul Ball, location: 2F
0-1: Ball
1-1: Foul Ball, location: 2F
1-2: Strikes out looking
Batting: LHB Danny Pacheco 0-0: SINGLE (Line Drive, 4D, EV 97.5 MPH)
Jon Shonka to third
Jesus Malave to second
Runner from 3rd tries for Home, SAFE, throw by CF to home
Batting: RHB Vance Coen 0-0: Ball
1-0: Swinging Strike
1-1: Foul Ball, location: 2F
1-2: Ball
2-2: Foul Ball, location: 2F
2-2: Strikes out swinging
Top of the 7th over - 1 run, 3 hits, 0 errors, 2 left on base; Lexington 4 - Cedar Rapids 3
BOTTOM OF THE 7TH
Cedar Rapids Kernels batting - Pitching for Lexington Legends : RHP Nam Phong
Pitching: RHP Luis Diaz
Now in CF: Carlos Santoni
Batting: RHB Kevin Harris 0-0: Called Strike
0-1: Ball
1-1: Ball
2-1: Fly out, F8 (Line Drive, 8RD, EV 106.2 MPH)
Batting: LHB Shaun Price 0-0: Ball
1-0: DOUBLE (Line Drive, 7LS, EV 110.0 MPH)
Batting: LHB Kuemon Shishido 0-0: Ball
1-0: Ball
2-0: Ball
3-0: Called Strike
3-1: Called Strike
3-2: Foul Ball, location: 2F
3-2: Foul Ball, location: 2F
3-2: Foul Ball, location: 2F
3-2: Ground out 6-3 (Groundball, 6M, EV 86.9 MPH)
Shaun Price to third
Batting: RHB Nate Matson 0-0: Ball
1-0: Ball
2-0: Ball
3-0: Called Strike
3-1: Foul Ball, location: 2F
3-2: Foul Ball, location: 2F
3-2: Foul Ball, location: 2F
3-2: Foul Ball, location: 2F
3-2: Foul Ball, location: 2F
3-2: Base on Balls
Pinch Hitting: LHB Marvin Shepherd 0-0: Called Strike
0-1: Ground out 4-3 (Groundball, 4, EV 85.0 MPH)
Bottom of the 7th over - 0 runs, 1 hit, 0 errors, 2 left on base; Lexington 4 - Cedar Rapids 3
TOP OF THE 8TH
Lexington Legends batting - Pitching for Cedar Rapids Kernels : RHP Steven Legge
Pitching: LHP Mark Challinor
Now in LF: Marvin Shepherd
Batting: RHB Vic Nelson 0-0: Ball
1-0: Foul Ball, location: 2F
1-1: Foul Ball, location: 2F
1-2: Ball
2-2: Fly out, F9 (Flyball, 9, EV 91.2 MPH)
Batting: LHB Edgar Ortiz 0-0: Called Strike
0-1: Ground out 6-3 (Groundball, 6, EV 80.0 MPH)
Batting: RHB Nate De Jongh 0-0: Called Strike
0-1: Called Strike
0-2: Ball
1-2: Fly out, F9 (Flyball, 9D, EV 83.8 MPH)
Top of the 8th over - 0 runs, 0 hits, 0 errors, 0 left on base; Lexington 4 - Cedar Rapids 3
BOTTOM OF THE 8TH
Cedar Rapids Kernels batting - Pitching for Lexington Legends : RHP Luis Diaz
Pitching: LHP Tyler Abraham
Batting: LHB Hector Olvera 0-0: Called Strike
0-1: Called Strike
0-2: Strikes out swinging
Batting: RHB Chris Bejarano 0-0: Ball
1-0: Fly out, F9 (Flyball, 89D, EV 83.1 MPH)
Pinch Hitting: RHB Tim Carter 0-0: Fly out, F8 (Flyball, 8LM, EV 81.9 MPH)
Bottom of the 8th over - 0 runs, 0 hits, 0 errors, 0 left on base; Lexington 4 - Cedar Rapids 3
TOP OF THE 9TH
Lexington Legends batting - Pitching for Cedar Rapids Kernels : LHP Mark Challinor
Now at SS: Tim Carter
Batting: RHB Nick Julien 0-0: Called Strike
0-1: SINGLE (Groundball, 4D, EV 96.2 MPH)
Batting: RHB Carlos Santoni 0-0: Called Strike
0-1: Swinging Strike
0-2: Strikes out swinging
Batting: RHB Jesus Malave 0-0: Called Strike
0-1: Ball
1-1: Ball
2-1: Fielders Choice at 2nd, 2-6 (Groundball, 2R, EV 68.8 MPH)
Batting: RHB Justin Goff 0-0: Ball
1-0: Swinging Strike
1-1: Fielders Choice at 2nd, 6-4 (Groundball, 6, EV 85.6 MPH)
Top of the 9th over - 0 runs, 1 hit, 0 errors, 1 left on base; Lexington 4 - Cedar Rapids 3
BOTTOM OF THE 9TH
Cedar Rapids Kernels batting - Pitching for Lexington Legends : LHP Tyler Abraham
Pitching: RHP Ryan Crump
Batting: RHB Steve Raine 0-0: Ball
1-0: Ball
2-0: Swinging Strike
2-1: Foul Ball, location: 2F
2-2: Foul Ball, location: 2F
2-2: Strikes out swinging
Batting: RHB Kevin Harris 0-0: Swinging Strike
0-1: Ball
1-1: Ball
2-1: Ground out 4-3 (Groundball, 34, EV 79.4 MPH)
Batting: LHB Shaun Price 0-0: Called Strike
0-1: Foul Ball, location: 2F
0-2: Ball
1-2: Strikes out swinging
Bottom of the 9th over - 0 runs, 0 hits, 0 errors, 0 left on base; Lexington 4 - Cedar Rapids 3
Tuesday, March 28th , 2023 - OOTP Baseball 23.10 Build 110